 Dungeon Crawl Stone Soup version 0.31.0-11-ge490571c62 (webtiles) character file.

Game seed: 18313705473297351127

40 Drazool the Ruffian (level 3, -1/31 HPs)
             Began as a Naga Shapeshifter on Jan 28, 2024.
             Was an Initiate of Okawaru.
             Slain by a hobgoblin (3 damage)
             ... led by Robin
             ... on level 2 of the Dungeon.
             The game lasted 00:04:08 (1782 turns).

Drazool the Ruffian (Naga Shapeshifter)             Turns: 1782, Time: 00:04:11

Health: -1/31      AC:  2    Str: 22    XL:     3   Next: 50%
Magic:  3/3        EV: 10    Int: 10    God:    Okawaru [......]
Gold:   73         SH:  0    Dex: 12    Spells: 2/2 levels left

rFire   . .          .
                       - Unarmed
rCold   . . .        (no shield)
rNeg    . . .        a - +0 animal skin
rPois   +            (helmet currently unavailable)
rElec   .            (cloak currently unavailable)
rCorr   .            (gloves currently unavailable)
SInv    +            (no barding)
Will    .....        i - amulet of faith {!P}
Stlth   +            S - +6 ring of strength
HPRegen 0.25/turn    (no ring)
MPRegen 0.08/turn

%: faith
@: about to teleport, beast-form, weak-willed, very slow
A: beast (slay +1), AC +1, large, see invisible, deformed body, poison
resistance, slowness 2, spit poison 1, naga tail 1
a: Spit Poison, Begin Untransformation, Renounce Religion


You were on level 2 of the Dungeon.
You worshipped Okawaru.
Okawaru was noncommittal.
You were a hulking beast.
You visited 1 branch of the dungeon, and saw 3 of its levels.

You collected 73 gold pieces.


Innate Abilities, Weirdness & Mutations

You are a hulking beast.
Your limbs bulge with bestial killing power. (Slay +1)
Your serpentine skin is tough. (AC +1)
You have supernaturally acute eyesight. (SInv)
Armour fits poorly on your strangely shaped body.
Your system is resistant to poisons. (rPois)
You cover ground very slowly.
You can spit poison.
You have a snake-like lower body.


   Skills:
 - Level 1.0 Fighting
 - Level 1.5 Dodging
 + Level 4.4 Unarmed Combat
 - Level 3.0 Shapeshifting


You had 2 spell levels left.
You didn't know any spells.
Your spell library was empty.

Inventory:

Hand Weapons
 e - a +0 dagger of electrocution
Armour
 a - a +0 animal skin (worn)
Jewellery
 i - an amulet of faith (around neck) {!P}
 C - a ring of ice
 N - a ring of positive energy
 S - a +6 ring of strength (left hand)
Talismans
 c - a beast talisman
 d - a flux talisman
Scrolls
 k - a scroll of immolation
 n - a scroll of fog {unknown}
Potions
 b - a potion of lignification
 f - a potion of degeneration {unknown}
 g - 2 potions of curing {unknown}
 j - a potion of heal wounds {unknown}

Dungeon Overview and Level Annotations

Branches:
Dungeon (3/15)

Altars:
Okawaru

Annotations:
D:2 Robin

#.# ... #.# ... #'# #.#
#.# #g# #.# #.# #g# #.#
##.## #.# ##...## #.#
#.....##########.#
##.gg##..........#
#######.gghg.##########
........######
#########


You could see Robin (inner flame, weak-willed), 2 hobgoblins and 4 goblins.


Message History

The hobgoblin closely misses you. The goblin hits you with a +0 dagger.
* * * LOW HITPOINT WARNING * * *
As you read the scroll labelled EZIERI EHAA, it crumbles to dust.
It is a scroll of amnesia.
You feel forgetful for a moment.
The goblin no longer looks unusually strong.
The goblin closely misses you. The hobgoblin hits you.
* * * LOW HITPOINT WARNING * * *
The goblin barely misses you.
Unknown command.
As you read the scroll labelled JIUFOU OLIYBB, it crumbles to dust.
The hobgoblin shouts!
A wave of despondency washes over your surroundings.
It was a scroll of vulnerability.
You hear a shout! x2
The hobgoblin no longer looks unusually strong.
The goblin no longer looks unusually strong.
The goblin hits you but does no damage. The hobgoblin hits you.
* * * LOW HITPOINT WARNING * * *
The goblin hits you with a +0 dagger.
* * * LOW HITPOINT WARNING * * *
Unknown command.
As you read the scroll labelled RANWYT HEQUMO, it crumbles to dust.
You feel strangely unstable.
It was a scroll of teleportation.
The hobgoblin no longer looks unusually strong.
The goblin closely misses you.
Robin roars a battlecry!
The goblins go into a battle-frenzy!
The hobgoblin hits you.
You die...

Skill      XL: |  1  2 |
---------------+-------+-----
Unarmed Combat | 4 |  4.4
Fighting       | |  1.0
Dodging        | |  1.5
Shapeshifting  | |  3.0

Action                     || total
---------------------------++-------
  Melee: Unarmed           ||    50
 Invoke: Heroism           ||     1
Ability: Spit Poison       ||    16
    Use: Scroll            ||     4
 Armour: Animal skin       ||    37
  Dodge: Dodged            ||    34

Levels and vault maps discovered:
D:1:      dpeg_arrival_arbitrary_c, layout_basic,
          hellmonk_ecumenical_altar_crossroads, hangedman_abyss_or_decor_stabs
D:2:      layout_loops_corners, uniq_robin
D:3:      cheibrodos_old_hovel, layout_rooms,
          chequers_temple_overflow_minitemple

Notes
Turn   | Place    | Note
-------+----------+-------------------------------------------
     0 | D:1      | Drazool the Naga Shapeshifter began the quest for the Orb.
     0 | D:1      | Reached XP level 1. HP: 18/18 MP: 1/1
   211 | D:1      | Reached XP level 2. HP: 25/25 MP: 2/2
   291 | D:1      | Found a faded altar of an unknown god.
   317 | D:1      | Prayed at the altar of an unknown god.
   317 | D:1      | Became a worshipper of Warmaster Okawaru
   317 | D:1      | Reached * piety under Okawaru
  1268 | D:2      | Reached skill level 4 in Unarmed Combat
  1273 | D:2      | Reached XP level 3. HP: 20/31 MP: 0/3
  1273 | D:2      | Noticed Robin
  1781 | D:2      | HP: 2/31 [hobgoblin[Robin] (2)]
  1782 | D:2      | Slain by a hobgoblin

Vanquished Creatures
  An adder (D:2)
  A ribbon worm (D:2)
  2 bats (D:2)
  2 endoplasms (D:2)
  3 giant cockroaches (D:1)
  8 goblins
  A hobgoblin (D:2)
  3 ball pythons
  3 kobolds (D:1)
  3 rats
27 creatures vanquished.

Table legend: (Time is in decaauts)
 A = Elapsed time spent in this place.
 B = Non-inter-level travel time spent in this place.
 C = Inter-level travel time spent in this place.
 D = Time resting spent in this place.
 E = Time spent auto-exploring this place.
 F = Levels seen in this place.
 G = Mean time per level.
                   A        B        C        D        E       F      G
               +--------+--------+--------+--------+--------+-----+--------+
         Total |   2418 |   2369 |     49 |     33 |   2078 |   3 |  806.0 |
       Dungeon |   2418 |   2369 |     49 |     33 |   2078 |   3 |  806.0 |
               +--------+--------+--------+--------+--------+-----+--------+

Top non-repeatable levels by time:
     D:1: 1550 daAuts
     D:2: 865 daAuts
     D:3: 1 daAuts

Table legend:
 A = Non-vault XP
 B = Vault XP
 C = Vault XP percentage of total XP
 D = Non-vault monster count
 E = Vault monster count
 F = Vault count percentage of total count
                 A         B        C        D         E       F
            +---------+---------+-------+---------+---------+-------
      Total |      55 |       3 |   5.2 |      25 |       2 |   7.4
            +---------+---------+-------+---------+---------+-------
        D:1 |      20 |       0 |   0.0 |      13 |       0 |   0.0
        D:2 |      35 |       3 |   7.9 |      12 |       2 |  14.3
            +---------+---------+-------+---------+---------+-------
